 Dungeon Crawl Stone Soup version 0.18-a0-1523-gbe15c29 (webtiles) character file.

17 Ijustatesigmund the Insei (level 2, -1/19 HPs)
             Began as an Octopode Transmuter on Mar 7, 2016.
             Slain by a kobold
             ... wielding a +0 short sword
              (4 damage)
             ... on level 1 of the Dungeon.
             The game lasted 00:01:02 (575 turns).

Ijustatesigmund the Insei (Octopode Transmuter)      Turns: 575, Time: 00:01:02

Health: -1/19      AC:  1    Str:  9    XL:     2   Next: 62%
Magic:  5/5        EV: 12    Int: 15    God:
Gold:   44         SH:  0    Dex: 12    Spells: 2 memorised, 2 levels left

rFire  . . .     SeeInvis .       - Unarmed
rCold  . . .     Gourm    .     (no shield)
rNeg   . . .     Faith    .     (helmet restricted)
rPois  .         Spirit   .     (no amulet)
rElec  .         Dismiss  .     (no ring)
rCorr  .         Reflect  .     (no ring)
SustAt .         Harm     .     (no ring)
MR     .....                    (no ring)
Stlth  ++........               (no ring)
                                (no ring)
                                (no ring)
                                (no ring)

@: not resistant to hostile enchantments, unstealthy
A: almost no armour, amphibious, 8 rings, constrict 8, camouflage 1, gelatinous
body 1
a: no special abilities


You were on level 1 of the Dungeon.
You were not hungry.

You visited 1 branch of the dungeon, and saw 1 of its levels.

You collected 44 gold pieces.

Inventory:

Missiles
 a - 46 arrows
Books
 b - a book of Changes

   Spells                             Type                      Level
   a - Beastly Appendage              Transmutation                1
   b - Sticks to Snakes               Transmutation                2
   c - Spider Form                    Transmutation/Poison         3
   d - Ice Form                       Ice/Transmutation            4
   e - Blade Hands                    Transmutation                5
Comestibles
 c - 2 bread rations
 f - a meat ration


   Skills:
 * Level 2.2 Fighting
 - Level 2.0 Dodging
 + Level 3.2 Unarmed Combat
 - Level 2.0 Spellcasting
 - Level 2.0 Transmutations


You had 2 spell levels left.
You knew the following spells:

 Your Spells              Type           Power        Failure   Level  Hunger
a - Beastly Appendage     Trmt           #.....       12%         1    #......
b - Sticks to Snakes      Trmt           #.......     14%         2    ###....


Dungeon Overview and Level Annotations

Branches:
Dungeon (1/15)

Altars:


Innate Abilities, Weirdness & Mutations

You cannot wear most types of armour.
You are amphibious.
You can wear up to eight rings at the same time.
You can use your tentacles to constrict eight enemies at once.
Your skin changes colour to match your surroundings (Stealth).
Your rubbery body absorbs attacks (AC +1).


Message History

As you read the scroll labeled XEEMAMA ISHERE, it crumbles to dust.
It is a scroll of enchant armour.
You aren't carrying any armour which can be enchanted further.
The bat hits you.
* * * LOW HITPOINT WARNING * * *
The bat misses you.
The kobold throws a stone.
The stone closely misses you.
Eat which item? (? for menu, Esc to quit)
Okay, then.
Read which item? (? for menu, Esc to quit)
As you read the scroll labeled SICHOO WEOFA, it crumbles to dust.
It is a scroll of recharging.
You aren't carrying any rechargeable items.
The bat closely misses you. x2; The hobgoblin hits you with a club.
* * * LOW HITPOINT WARNING * * *
You closely miss the kobold. You grab the kobold. You squeeze the kobold.
You kill the kobold!
The bat hits you but does no damage. The hobgoblin closely misses you.
The kobold throws a stone.
The stone completely misses you. The bat barely misses you.
The kobold hits you with a short sword.
You die...

#<#....⌠.#.## #.^...
###+#....#.# #.##.#
#..###.# #.##.# #......#
#.##.# ########
######.##.# #..###
#...##.##.# #####....#
#.#........ .......K.#
#...##.#### .....b.@#
##.###.# # ###..##g# #.#
#.# # ##b.#.#
####.###.####
#.#.s.b####.....##.....
#......((......#######
......##...##(#..........
.....# ##..##.#..##.#####
###.. #.###.#..##.# # ##
#.# #.#..##.# #


You could see a hobgoblin, 2 bats and a kobold.

Vanquished Creatures
  A giant gecko (D:1)
  A ball python (D:1)
  A giant cockroach (D:1)
  3 goblins (D:1)
  A hobgoblin (D:1)
  A bat (D:1)
  A giant newt (D:1)
  5 kobolds (D:1)
  4 rats (D:1)
18 creatures vanquished.

Notes
Turn   | Place    | Note
--------------------------------------------------------------
     0 | D:1      | Ijustatesigmund the Octopode Transmuter began the quest for the Orb.
     0 | D:1      | Reached XP level 1. HP: 13/13 MP: 3/3
   210 | D:1      | Reached XP level 2. HP: 19/19 MP: 5/5
   219 | D:1      | Learned a level 2 spell: Sticks to Snakes
   575 | D:1      | Slain by a kobold

Vault maps used:
D:1:      dpeg_arrival_court, minivault_11, minivault_23, grunt_decor_clamped,
          minmay_bisected

Skill      XL: |  1  2 |
---------------+-------+-----
Fighting       | 2 |  2.2
Dodging        | |  2.0
Unarmed Combat | |  3.2
Spellcasting   | |  2.0
Transmutations | |  2.0

Action                   || total
-------------------------++-------
Melee: Unarmed           ||    38
  Use: Scroll            ||     2
 Stab: Sleeping          ||     3
